 Dungeon Crawl Stone Soup version 0.29-a0-541-gaf1fc19f1b (webtiles) character file.

Game seed: 13520019847374984444

6003 zishaf the Fanfare of Bloodshed (level 11, -8/80 HPs)
             Began as a Djinni Venom Mage on June 2, 2022.
             Was a Believer of Makhleb.
             Killed by divine providence
             ... invoked by an orc priest
              (10 damage)
             ... on level 9 of the Dungeon.
             The game lasted 00:26:05 (9785 turns).

zishaf the Fanfare of Bloodshed (Djinni Venom Mage) Turns: 9785, Time: 00:26:08

Health: -8/80      AC: 11    Str:  7    XL:     11   Next: 10%
Gold:   453        EV: 16    Int: 21    God:    Makhleb [**....] SH:  5 Dex: 14

rFire   + + .      SeeInvis .   G - staff of poison
rCold   . . .      Faith    +   t - +0 buckler {rC+}
rNeg    . . .      Spirit   .   C - +0 steam dragon scales
rPois   ∞          Reflect  .   V - +1 helmet
rElec   .          Harm     .   w - +0 cloak
rCorr   .          Rampage  .   m - +1 pair of gloves
Will    +....                   (boots unavailable)
Stlth   ++........              R - amulet of faith
HPRegen 0.23/turn               A - +4 ring of slaying
MPRegen 0.00/turn               f - +4 ring of evasion

@: flying
A: sickness immunity, fire resistance 2, cold vulnerability 1, float, innate
caster, HP casting, extra vitality 1, fangs 1, shaggy fur 1
a: Renounce Religion, Minor Destruction


You were on level 9 of the Dungeon.
You worshipped Makhleb.
Makhleb was pleased with you.
You visited 1 branch of the dungeon, and saw 9 of its levels.

You collected 637 gold pieces.
You spent 184 gold pieces at shops.

Inventory:

Hand Weapons
 a - a +1 dagger of freezing
 H - the +9 mace of Chagrin {vorpal, *Rage Int+3 Dex+2}
   (You found it on level 7 of the Dungeon)

   It inflicts extra damage upon your enemies.
   Int:       It affects your intelligence (+3).
   Dex:       It affects your dexterity (+2).
   *Rage:     It berserks you when you make melee attacks (+20% chance).
 M - a +2 antimagic short sword
Missiles
 z - 3 throwing nets
Armour
 m - a +1 pair of gloves (worn)
 t - a +0 buckler of cold resistance (worn)
 v - a +2 robe of fire resistance
 w - a +0 cloak (worn)
 C - +0 steam dragon scales (worn)
 V - a +1 helmet (worn)
Magical Staves
 G - a staff of poison (weapon)
Jewellery
 f - a +4 ring of evasion (right hand)
 o - an amulet of reflection
 A - a +4 ring of slaying (left hand)
 F - a ring of fire
 R - an amulet of faith (around neck)
Wands
 J - a wand of paralysis (4)
 L - a wand of mindburst (20)
 N - a wand of polymorph (6)
Scrolls
 b - a scroll of teleportation
 k - 2 scrolls of fear
 r - 3 scrolls of poison
 s - 3 scrolls of fog
 x - 2 scrolls of magic mapping
 O - 2 scrolls of silence
 P - a scroll of blinking
 Q - a scroll of enchant weapon
 S - a scroll of enchant armour
Potions
 c - 3 potions of invisibility
 d - 2 potions of lignification
 h - 8 potions of curing
 i - a potion of brilliance
 j - a potion of berserk rage {unknown}
 l - 7 potions of might
 p - 2 potions of cancellation
 q - a potion of mutation
 u - a potion of attraction {unknown}
 D - 2 potions of degeneration {unknown}
 I - a potion of ambrosia {unknown}
 K - a potion of heal wounds {unknown}
 T - a potion of haste
 U - a potion of resistance {unknown}


   Skills:
 + Level 7.6 Fighting
 - Level 2.1 Dodging
 - Level 1.5 Stealth
 - Level 5.0 Shields
 + Level 7.1 Spellcasting
 * Level 9.7 Invocations
 + Level 1.0 Evocations


You couldn't memorise any spells.
You knew the following spells:

 Your Spells              Type           Power      Damage    Failure   Level
a - Sting                 Tmut/Pois      100%       1d8       1%          1
b - Poisonous Vapours     Pois/Air       100%       N/A       1%          2
c - Mephitic Cloud        Conj/Pois/Air  54%        N/A       1%          3
d - Olgreb's Toxic Radia  Pois           54%        N/A       6%          4
e - Necrotize             Necr           100%       1d9       1%          1
f - Teleport Other        Tloc           37%        N/A       1%          3
g - Dispel Undead         Necr           37%        3d15      6%          4
h - Anguish               Hex/Necr       18%        N/A       6%          4
A - Call Imp              Summ           37%        N/A       1%          2
Your spell library was empty.

Dungeon Overview and Level Annotations

Branches:
Dungeon (9/15)             Temple (0/1) D:6            Lair (0/6) D:8
    Orc (0/2) D:9

Altars:
Dithmenos
Gozag
Hepliaklqana
Makhleb
Ru
Trog

Shops:
D:3 [*[(   D:4 *   D:5 (   D:6 [


Innate Abilities, Weirdness & Mutations

You are immune to sickness and miasma.
You are immune to poison.
Your flesh is very heat resistant. (rF++)
You are vulnerable to cold. (rC-)
You float through the air rather than walking.
You learn spells naturally, not from books.
Your magical power is your life essence.
You have superior vitality. (+4 MHP)
You have very sharp teeth.
You are covered in fur. (AC +1)


Message History

Confirm with . or Enter, or press ? or * to list all spells.
You feel a surge of power!
You begin to radiate toxic energy.
The orc is poisoned. x2; The orc looks even sicker. x2
The orc warrior misses you.
Unknown command.
The orc warrior attacks as you move away!
The orc warrior hits you with a +3 battleaxe.
Found an inky potion.
The orc looks even sicker. x2
The orc priest is poisoned.
You kill the orc!
Makhleb accepts your kill.
You feel better.
You kill the orc!
Makhleb accepts your kill.
The orc warrior attacks as you move away!
The orc warrior misses you.
Your toxic aura wanes.
Found 6 gold pieces.
Casting: Olgreb's Toxic Radiance (dangerous; 6% risk of failure)
Confirm with . or Enter, or press ? or * to list all spells.
You feel a surge of power!
You begin to radiate toxic energy.
You kill the orc priest!
Makhleb accepts your kill.
The orc warrior looks even sicker.
The orc warrior hits you with a +3 battleaxe!
* * * LOW HITPOINT WARNING * * *
The orc warrior attacks as you move away!
The orc warrior hits you with a +3 battleaxe!
* * * LOW HITPOINT WARNING * * *
The warg attacks as you move away! The warg misses you.
Your toxic aura wanes.
The warg bites you but does no damage.
Okay, then.
Blink to where?
Press: ? - help, Dir - move target
As you read the scroll of blinking, it crumbles to dust.
The orc priest looks more healthy.
The orc priest calls down the wrath of Beogh upon you.
Beogh smites you!
You die...

..........†.........####.......##
........######...####.o).........
........###......##....#.......#.
.............).###....###.o...###
...............##.....###o8.8.###
...............##.ho...#.......#.
######.........#..#)#..#..#'#..#.
#.........#.##)##.#.##.##.#.
#.........#@#.!. .#.#.!. .#.
#.........#.#..$#.#.#.?.#.#.
#.........#.##.##.#.##.## #.
#.........#..#.# #..#+# #.
#######...#.. .. +.. +. ######..
## #. # .. # #


You could see a warg and an orc priest.

Vanquished Creatures
  Pikel (D:7)
  Joseph (D:7)
  An elephant (D:8)
  A kobold demonologist (D:9)
  A troll (D:8)
  Grinder (D:4)
  Prince Ribbit (D:8)
  4 yaks
  A basilisk (D:8)
  A steam dragon (D:6)
  Edmund (D:6)
  A water moccasin (D:7)
  2 orc warriors (D:9)
  2 black bears (D:8)
  An ice beast (D:3)
  3 centaurs
  4 lemures (D:7)
  2 phantoms (D:4)
  A kobold brigand (D:8)
  3 bullfrogs
  2 necrophages (D:7)
  3 scorpions
  5 wights (D:6)
  9 killer bees (D:9)
  A howler monkey (D:7)
  4 hounds
  2 jellies
  4 orc priests
  Crazy Yiuf (D:7)
  A gnoll shaman (D:7)
  4 orc wizards
  5 iguanas
  4 adders
  2 gnolls (D:7)
  A white imp (D:8)
  An ufetubus (D:4)
  2 dart slugs
  19 orcs
  3 ball pythons (D:1)
  3 bats
  6 endoplasms
  A giant cockroach (D:1)
  4 goblins
  8 hobgoblins
  2 jackals (D:1)
  13 kobolds
  5 quokkas
  A frilled lizard (D:1)
  5 rats
154 creatures vanquished.

Vanquished Creatures (collateral kills)
  A water moccasin (D:5)
  An iguana (D:7)
  A gnoll (D:7)
  A goblin (D:4)
4 creatures vanquished.

Vanquished Creatures (others)
  A fungus (D:8)
1 creature vanquished.

Grand Total: 159 creatures vanquished

Notes
Turn   | Place    | Note
-------+----------+-------------------------------------------
     0 | D:1      | zishaf the Djinni Venom Mage began the quest for the Orb.
     0 | D:1      | Reached XP level 1. HP: 15/15 MP: 0/0
   287 | D:1      | Found a faded altar of an unknown god.
   318 | D:1      | Reached XP level 2. HP: 19/22 MP: 0/0
   629 | D:1      | Reached skill level 1 in Fighting
   922 | D:1      | Reached XP level 3. HP: 20/27 MP: 0/0
   922 | D:1      | Learned a level 1 spell: Necrotize
  1921 | D:3      | Found Fadezxah's Armour Emporium.
  1929 | D:3      | Bought a +0 buckler of cold resistance for 149 gold pieces
  1960 | D:3      | Found Abengun's General Store.
  1961 | D:3      | Found Cuhuopn's Antique Armour Emporium.
  2004 | D:3      | Bought a scroll of magic mapping for 35 gold pieces
  2026 | D:3      | Found Rararhiakh's Antique Weapon Shop.
  2057 | D:3      | Found a sacrificial altar of Ru.
  2146 | D:3      | Reached XP level 4. HP: 30/32 MP: 0/0
  2174 | D:3      | Noticed an ice beast
  2192 | D:3      | Killed an ice beast
  2193 | D:3      | Reached skill level 1 in Shields
  2193 | D:3      | Reached XP level 5. HP: 26/38 MP: 0/0
  2193 | D:3      | Learned a level 2 spell: Call Imp
  2654 | D:3      | Reached XP level 6. HP: 33/45 MP: 0/0
  3359 | D:4      | Found Jevaukem's Assorted Antiques.
  3795 | D:4      | Noticed Grinder
  4379 | D:5      | Entered Level 5 of the Dungeon
  4778 | D:5      | Found Woghyow's Weapon Emporium.
  5032 | D:5      | Noticed a water moccasin
  5085 | D:5      | Found a burning altar of Makhleb.
  5087 | D:5      | Killed a water moccasin
  5088 | D:5      | Reached XP level 7. HP: 42/50 MP: 0/0
  5088 | D:5      | Learned a level 3 spell: Teleport Other
  5141 | D:5      | Became a worshipper of Makhleb the Destroyer
  5156 | D:5      | Reached skill level 1 in Invocations
  5242 | D:5      | Found a bloodstained altar of Trog.
  5330 | D:6      | Found Odimmib's Antique Armour Shoppe.
  5544 | D:6      | Gained mutation: You tend to lose your temper in combat.
                  | [potion of mutation]
  5545 | D:6      | Lost mutation: You tend to lose your temper in combat.
                  | [potion of mutation]
  5545 | D:6      | Gained mutation: You are covered in fur. (AC +1) [potion of
                  | mutation]
  5545 | D:6      | Gained mutation: You have very sharp teeth. [potion of
                  | mutation]
  5566 | D:6      | Reached skill level 2 in Invocations
  5596 | D:6      | Noticed a steam dragon
  5597 | D:6      | Noticed Edmund
  5604 | D:6      | Reached XP level 8. HP: 38/58 MP: 0/0
  5630 | D:6      | Reached skill level 5 in Spellcasting
  5652 | D:6      | Killed Edmund
  5653 | D:6      | Reached skill level 3 in Invocations
  5932 | D:6      | Noticed a yak
  5932 | D:6      | Noticed a yak
  5935 | D:6      | Noticed a yak
  5953 | D:6      | Killed a yak
  5958 | D:6      | Killed a yak
  5959 | D:6      | Reached skill level 4 in Invocations
  5965 | D:6      | Killed a yak
  5966 | D:6      | Reached XP level 9. HP: 39/63 MP: 0/0
  5966 | D:6      | Learned a level 4 spell: Dispel Undead
  6195 | D:6      | Reached skill level 5 in Invocations
  6208 | D:6      | Reached skill level 5 in Fighting
  6215 | D:6      | Reached * piety under Makhleb
  6245 | D:6      | Found an opulent altar of Gozag.
  6485 | D:4      | Reached skill level 5 in Shields
  6688 | D:4      | Reached skill level 6 in Invocations
  6782 | D:4      | Killed Grinder
  7129 | D:6      | Found a staircase to the Ecumenical Temple.
  7196 | D:7      | Noticed Joseph
  7217 | D:7      | Killed Joseph
  7218 | D:7      | Reached skill level 7 in Invocations
  7218 | D:7      | Reached XP level 10. HP: 52/72 MP: 0/0
  7588 | D:7      | Noticed Pikel
  7606 | D:7      | Killed Pikel
  7607 | D:7      | Reached skill level 8 in Invocations
  7813 | D:7      | Found a runed translucent door.
  7814 | D:7      | Noticed Crazy Yiuf
  7821 | D:7      | Killed Crazy Yiuf
  7825 | D:7      | Identified the +9 mace of Chagrin {vorpal, *Rage Int+3
                  | Dex+2}
  8040 | D:8      | Found a hazy altar of Hepliaklqana.
  8045 | D:8      | Found a shadowy altar of Dithmenos.
  8144 | D:8      | Found a staircase to the Lair.
  8144 | D:8      | Noticed an elephant
  8182 | D:8      | Killed an elephant
  8513 | D:8      | Reached ** piety under Makhleb
  9010 | D:8      | Noticed Prince Ribbit
  9023 | D:8      | Killed Prince Ribbit
  9024 | D:8      | Reached skill level 9 in Invocations
  9191 | D:9      | Noticed a kobold demonologist
  9231 | D:9      | Noticed a rust devil
  9231 | D:9      | Killed a kobold demonologist
  9232 | D:9      | Reached XP level 11. HP: 71/79 MP: 0/0
  9232 | D:9      | Learned a level 4 spell: Anguish
  9710 | D:9      | Found a staircase to the Orcish Mines.
  9744 | D:9      | Reached skill level 1 in Evocations
  9784 | D:9      | HP: 2/80 [orc warrior/+3 battleaxe (13)]
  9785 | D:9      | Killed from afar by an orc priest

Illustrated notes

Levels and vault maps discovered:
D:1:      lightli_arrival_maybe_door_vault, layout_rooms,
          chequers_ecumenical_altar_island, minivault_5
D:2:      layout_rooms, chequers_garden
D:3:      layout_basic, mainiacjoe_overflow_alcove_1, serial_shops, shop, shop,
          shop, shop
D:4:      layout_rooms, serial_shops, nicolae_stop_n_shop_1, minivault_23,
          uniq_grinder
D:5:      layout_basic, trog_hazing_becter,
          mainiacjoe_overflow_concentric_impassable, serial_shops,
          kennysheep_mini_moat, minivault_23, dreamdust_princess_corridor,
          chequers_serial_rivers_room_a, dk_rats_in_the_wall
D:6:      layout_rooms, nicolae_gozag_seed_capital, temple_hall, serial_shops,
          nicolae_stop_n_shop_2, uniq_edmund
D:7:      layout_rooms, uniq_crazy_yiuf_cottage, uniq_pikel, uniq_joseph
D:8:      layout_loops_ring, riverfiend_overflow_shadow_ancestor,
          david_lair_generic, uniq_prince_ribbit1
D:9:      layout_basic, mainiacjoe_overflow_catwalk, david_orc_1_choice,
          hangedman_decor_slide_cut

Skill      XL: |  1  2  3  4  5  6  7  8  9 10 11 |
---------------+----------------------------------+-----
Fighting       | 1 2 3 4 6 7 |  7.6
Spellcasting   | 3 4 5 6 7 |  7.1
Shields        | 1 2 3 4 5 |  5.0
Invocations    | 2 4 7 9 |  9.7
Evocations     | 1 |  1.0
Dodging        | |  2.1
Stealth        | |  1.5

Action                   |  1- 3 |  4- 6 |  7- 9 | 10-12 || total
-------------------------+-------+-------+-------+-------++-------
Melee: Dagger            |     1 |    16 |    12 |       ||    29
       Unarmed           |     1 |       |       |       ||     1
       Bite              |       |       |     7 |     9 ||    16
       Staff             |       |       |    14 |    39 ||    53
       Mace              |       |       |     8 |       ||     8
Throw: Throwing net      |       |     2 |       |       ||     2
 Cast: Sting             |    62 |    35 |    35 |     6 ||   138
       Poisonous Vapours |     4 |    18 |    36 |    18 ||    76
       Necrotize         |       |    10 |     6 |     4 ||    20
       Call Imp          |       |    15 |     3 |     2 ||    20
       Mephitic Cloud    |       |     1 |    18 |    16 ||    35
       Olgreb's Toxic Ra |       |       |     1 |    21 ||    22
       Dispel Undead     |       |       |     9 |     5 ||    14
  Use: Scroll            |       |    16 |     1 |     4 ||    21
       Potion            |       |       |     2 |       ||     2
 Stab: Sleeping          |       |     1 |       |       ||     1
       Confused          |       |       |     3 |     2 ||     5
Armor: Robe              |     8 |     8 |     3 |       ||    19
       Steam dragon scal |       |       |     5 |    21 ||    26
Dodge: Dodged            |    15 |    27 |    31 |    77 ||   150
Block: Buckler           |       |    10 |    26 |    32 ||    68
       Reflection        |       |       |     5 |     1 ||     6

Table legend: (Time is in decaauts)
 A = Elapsed time spent in this place.
 B = Non-inter-level travel time spent in this place.
 C = Inter-level travel time spent in this place.
 D = Time resting spent in this place.
 E = Time spent auto-exploring this place.
 F = Levels seen in this place.
 G = Mean time per level.
                   A        B        C        D        E       F      G
               +--------+--------+--------+--------+--------+-----+--------+
         Total |   9807 |   9347 |    460 |   1102 |   6310 |   9 | 1089.7 |
       Dungeon |   9807 |   9347 |    460 |   1102 |   6310 |   9 | 1089.7 |
               +--------+--------+--------+--------+--------+-----+--------+

Top non-repeatable levels by time:
     D:3: 1952 daAuts
     D:6: 1323 daAuts
     D:1: 1238 daAuts
     D:7: 1072 daAuts
     D:5: 1021 daAuts
     D:8: 960 daAuts
     D:4: 959 daAuts
     D:2: 686 daAuts
     D:9: 596 daAuts
